 Dungeon Crawl Stone Soup version 0.31-b1-17-gcfd88c8481 (webtiles) character file.

Game seed: 13181488489932790414

119 Arctor the Vexing (level 5, -4/40 HPs)
             Began as a Gnoll Hexslinger on Jan 15, 2024.
             Killed by divine providence
             ... invoked by an orc priest
              (14 damage)
             ... on level 2 of the Dungeon.
             The game lasted 00:02:15 (2050 turns).

Arctor the Vexing (Gnoll Hexslinger)                Turns: 2050, Time: 00:02:16

Health: -4/40      AC:  7    Str:  8    XL:     5   Next: 3%
Magic:  18/18      EV: 14    Int: 12    God:
Gold:   95         SH:  5    Dex: 16    Spells: 3/10 levels left

rFire   . . .        a - +1 sling
rCold   . . .        (no shield)
rNeg    . . .        c - +0 robe
rPois   .            f - +0 helmet
rElec   .            (no cloak)
rCorr   .            i - +2 pair of gloves
SInv    .            j - +0 pair of boots
Will    .....        o - amulet of reflection
Stlth   ++           d - ring of magical power
HPRegen 0.26/turn    (no ring)
MPRegen 0.16/turn

%: reflection
@: no status effects
A: fangs 1, strong nose, distributed training
a: no special abilities


You were on level 2 of the Dungeon.
You visited 1 branch of the dungeon, and saw 3 of its levels.

You collected 95 gold pieces.

Inventory:

Hand Weapons
 a - a +1 sling (weapon)
Missiles
 k - a throwing net
Armour
 c - a +0 robe (worn)
 f - a +0 helmet (worn)
 i - a +2 pair of gloves (worn)
 j - a +0 pair of boots (worn)
Jewellery
 d - a ring of magical power (left hand)
 o - an amulet of reflection (around neck)
Scrolls
 b - a scroll of poison
 g - 3 scrolls of teleportation
Potions
 h - a potion of ambrosia {unknown}
 m - a potion of attraction {unknown}


   Skills:
 + Level 2.9 Fighting
 + Level 1.4 Short Blades
 + Level 1.4 Long Blades
 + Level 1.4 Axes
 + Level 1.4 Maces & Flails
 + Level 1.4 Polearms
 + Level 1.4 Staves
 + Level 4.7 Ranged Weapons
 + Level 1.4 Throwing
 + Level 1.4 Armour
 + Level 4.7 Dodging
 + Level 1.4 Stealth
 + Level 1.4 Shields
 + Level 1.4 Unarmed Combat
 + Level 3.1 Spellcasting
 + Level 1.1 Conjurations
 + Level 5.5 Hexes
 + Level 1.1 Summonings
 + Level 1.1 Necromancy
 + Level 1.1 Translocations
 + Level 2.3 Fire Magic
 + Level 1.1 Ice Magic
 + Level 1.1 Air Magic
 + Level 1.1 Earth Magic
 + Level 1.1 Alchemy
 + Level 1.5 Invocations
 + Level 1.4 Evocations
 + Level 1.2 Shapeshifting


You had 3 spell levels left.
You knew the following spells:

 Your Spells              Type           Power      Damage    Failure   Level
a - Sigil of Binding      Hex            15%        N/A       8%          3
b - Jinxbite              Hex            30%        N/A       3%          2
c - Sublimation of Blood  Necr           4%         N/A       22%         2

Your spell library contained the following spells:

 Spells                   Type           Power      Damage    Failure   Level
 Inner Flame              Hex/Fire       11%        N/A       14%         3
 Cause Fear               Hex            7%         N/A       26%         4
 Dimensional Bullseye     Hex/Tloc       4%         N/A       52%         4
 Petrify                  Alch/Erth      4%         N/A       83%         4
 Irradiate                Conj/Alch      2%         3d12      99%         5


Dungeon Overview and Level Annotations

Branches:
Dungeon (3/15)

Altars:


Innate Abilities, Weirdness & Mutations

You have very sharp teeth.
Your uncanny sense of smell can sniff out nearby items.
Your experience applies equally to all skills.


Message History

The orc priest hits you with a +0 club.
You shoot a sling bullet.
The sling bullet hits the orc priest but does no damage.
The orc priest is severely wounded.
The orc priest barely misses you.
You shoot a sling bullet. The sling bullet hits the orc priest.
The orc priest is severely wounded.
The orc priest begins to cast a cantrip, but forgets the words!
You shoot a sling bullet.
The sling bullet hits the orc priest but does no damage.
The orc priest is heavily wounded.
The orc priest hits you with a +0 club.
You shoot a sling bullet.
The sling bullet barely misses the orc priest.
The orc priest closely misses you.
You shoot a sling bullet.
The sling bullet hits the orc priest but does no damage.
The orc priest is heavily wounded.
The orc priest barely misses you.
The orc priest hits you but does no damage.
You shoot a sling bullet.
The sling bullet closely misses the orc priest.
The orc priest mumbles some strange prayers to Beogh against you.
Beogh smites you!
You shoot a sling bullet. The sling bullet hits the orc priest.
The orc priest is almost dead.
The orc priest mumbles some strange prayers to Beogh against you.
Beogh smites you!
* * * LOW HITPOINT WARNING * * *
You are too injured to fight recklessly!
You are too injured to fight recklessly!
You are too injured to fight recklessly!
You shoot a sling bullet.
The sling bullet closely misses the orc priest.
The orc priest closely misses you.
You shoot a sling bullet.
The sling bullet barely misses the orc priest.
The orc priest mumbles some strange prayers to Beogh against you.
Beogh smites you!
You die...

...........##.................###
##...............................
.#.#....#..##.................###
##.#.##.##.##.........#########
...#.#####.##..............^#
#..#.# #.##.........#####.#
#).#.# #..#.........### #.#
#..#.# ##.##...).#....# #.#
#....# ##.....@o##.##.# #.#
...### ###.#<.#.....#†###.# ...#
####.#######..#.##..# ...#
#....#######..#.##.###### .#.###
#....#........#.##....... .....#
#....#.#####.##'########. .#...#
#....#.#####.#....######.
.#...####....#.#####.#....##.....
.......##............#....##.....


You could see an orc priest.

Vanquished Creatures
  4 gnolls (D:2)
  3 adders (D:2)
  2 dart slugs (D:1)
  A ribbon worm (D:2)
  An orc (D:2)
  4 bats
  3 endoplasms
  3 giant cockroaches
  6 hobgoblins
  A quokka (D:1)
  6 ball pythons
  4 frilled lizards
  4 goblins
  6 kobolds
  2 rats
50 creatures vanquished.

Notes
Turn   | Place    | Note
-------+----------+-------------------------------------------
     0 | D:1      | Arctor the Gnoll Hexslinger began the quest for the Orb.
     0 | D:1      | Reached XP level 1. HP: 17/17 MP: 4/4
    65 | D:1      | Reached XP level 2. HP: 16/23 MP: 5/5
   398 | D:1      | Reached XP level 3. HP: 28/28 MP: 7/7
   501 | D:1      | Learned a level 3 spell: Sigil of Binding
   504 | D:1      | Learned a level 2 spell: Jinxbite
  1077 | D:1      | Learned a level 2 spell: Sublimation of Blood
  1198 | D:2      | Reached skill level 1 in Invocations
  1444 | D:2      | Reached skill level 1 in Short Blades
  1444 | D:2      | Reached skill level 1 in Long Blades
  1444 | D:2      | Reached skill level 1 in Axes
  1444 | D:2      | Reached skill level 1 in Maces & Flails
  1444 | D:2      | Reached skill level 1 in Polearms
  1444 | D:2      | Reached skill level 1 in Staves
  1444 | D:2      | Reached skill level 1 in Throwing
  1444 | D:2      | Reached skill level 1 in Armour
  1444 | D:2      | Reached skill level 1 in Stealth
  1444 | D:2      | Reached skill level 1 in Shields
  1444 | D:2      | Reached skill level 1 in Unarmed Combat
  1444 | D:2      | Reached skill level 1 in Evocations
  1510 | D:2      | Reached skill level 1 in Shapeshifting
  1510 | D:2      | Reached XP level 4. HP: 34/34 MP: 8/8
  1522 | D:2      | Reached skill level 1 in Conjurations
  1522 | D:2      | Reached skill level 1 in Summonings
  1522 | D:2      | Reached skill level 1 in Necromancy
  1522 | D:2      | Reached skill level 1 in Translocations
  1522 | D:2      | Reached skill level 1 in Ice Magic
  1522 | D:2      | Reached skill level 1 in Air Magic
  1522 | D:2      | Reached skill level 1 in Earth Magic
  1522 | D:2      | Reached skill level 1 in Alchemy
  1738 | D:2      | Reached XP level 5. HP: 40/40 MP: 9/9
  2050 | D:2      | Killed from afar by an orc priest

Illustrated notes

Levels and vault maps discovered:
D:1:      dpeg_arrival_tiny_c, layout_basic, grunt_decor_resistance,
          due_unseen_surprise
D:2:      layout_basic, grunt_ministairs_14, minmay_tree_intersection,
          corner_web_ring
D:3:      layout_rooms, hellmonk_ecumenical_altar_heavens_door,
          corexii_item_surrounded_by_moat

Skill      XL: |  1  2  3  4 |
---------------+-------------+-----
Fire Magic     | 2 |  2.3
Invocations    | 1 |  1.5
Short Blades   | 1 |  1.4
Long Blades    | 1 |  1.4
Axes           | 1 |  1.4
Maces & Flails | 1 |  1.4
Polearms       | 1 |  1.4
Staves         | 1 |  1.4
Throwing       | 1 |  1.4
Armour         | 1 |  1.4
Stealth        | 1 |  1.4
Shields        | 1 |  1.4
Unarmed Combat | 1 |  1.4
Evocations     | 1 |  1.4
Shapeshifting  | 1 |  1.2
Spellcasting   | 3 |  3.1
Conjurations   | 1 |  1.1
Summonings     | 1 |  1.1
Necromancy     | 1 |  1.1
Translocations | 1 |  1.1
Ice Magic      | 1 |  1.1
Air Magic      | 1 |  1.1
Earth Magic    | 1 |  1.1
Alchemy        | 1 |  1.1
Fighting       | |  2.9
Ranged Weapons | |  4.7
Dodging        | |  4.7
Hexes          | |  5.5

Action                     |  1- 3 |  4- 6 || total
---------------------------+-------+-------++-------
   Fire: Sling             |   142 |    75 ||   217
    Use: Scroll            |       |     4 ||     4
 Armour: Robe              |    41 |    20 ||    61
  Dodge: Dodged            |    47 |    34 ||    81
  Block: Other             |       |     2 ||     2
